 Dungeon Crawl Stone Soup version 0.18-a0-1159-gf481d65 (webtiles) character file.

69 RedPan the Conjurer (level 4, 0/34 HPs)
             Began as a Draconian Conjurer on Jan 24, 2016.
             Succumbed to vev's ghost's poison
             ... on level 4 of the Dungeon.
             The game lasted 00:09:24 (2556 turns).

RedPan the Conjurer (Draconian Conjurer)            Turns: 2556, Time: 00:09:24

Health: 0/34       AC:  7    Str: 15    XL:     4   Next: 2%
Magic:  6/7        EV: 12    Int: 21    God:
Gold:   95         SH:  0    Dex: 12    Spells: 1 memorised, 6 levels left

rFire  . . .     SeeInvis .     j - +0 dagger (venom)
rCold  . . .     Gourm    .     (armour unavailable)
rNeg   . . .     Faith    .     (no shield)
rPois  .         Spirit   .     (helmet restricted)
rElec  .         Dismiss  .     m - +1 cloak
rCorr  .         Reflect  .     (no gloves)
SustAt .         Harm     .     (no boots)
MR     .....                    (no amulet)
Stlth  ++........               (no ring)
                                (no ring)

@: mighty, brilliant, lethally poisoned (0 -> -7), not resistant to hostile
enchantments, unstealthy
A: unfitting armour, cold-blooded, AC +5
a: no special abilities


You were on level 4 of the Dungeon.
You were not hungry.

You visited 1 branch of the dungeon, and saw 4 of its levels.

You collected 95 gold pieces.

Inventory:

Hand Weapons
 j - a +0 dagger of venom (weapon)
Armour
 m - a +1 cloak (worn)
Scrolls
 e - 2 scrolls of recharging {unknown}
 g - a scroll of identify {unknown}
 h - 2 scrolls of remove curse {unknown}
 l - a scroll of fog {unknown}
 n - a scroll of amnesia {unknown}
 o - a scroll of random uselessness {unknown}
 q - a scroll of blinking {unknown}
Potions
 k - a potion of beneficial mutation {unknown}
 p - a potion of curing {unknown}
 t - a potion of brilliance
Books
 a - a book of Conjurations

   Spells                             Type                      Level
   a - Magic Dart                     Conjuration                  1
   b - Searing Ray                    Conjuration                  2
   c - Dazzling Spray                 Conjuration/Hexes            3
   d - Fulminant Prism                Conjuration/Hexes            4
   e - Iskenderun's Mystic Blast      Conjuration                  4
   f - Iskenderun's Battlesphere      Conjuration/Charms           5
Comestibles
 b - 2 bread rations
 d - a beef jerky
 f - a fruit
 r - 2 meat rations
 s - 3 chunks of flesh


   Skills:
 + Level 0.4 Fighting
 + Level 0.8 Short Blades
 + Level 2.4 Dodging
 + Level 2.1 Stealth
 + Level 2.3 Spellcasting
 + Level 4.6 Conjurations


You had 6 spell levels left.
You knew the following spells:

 Your Spells              Type           Power        Failure   Level  Hunger
a - Magic Dart            Conj           ####         1%          1    #......


Dungeon Overview and Level Annotations

Branches:
Dungeon (4/15)
 Temple: D:4-7

Altars:
The Shining One

Annotations:
D:3 vev's ghost, amateur TeFE


Innate Abilities, Weirdness & Mutations

Your plain brown scales are hard (AC +5).
Your body does not fit into most forms of armour.
You are cold-blooded and may be slowed by cold attacks.


Message History

There is a stone staircase leading down here.
* * * LOW HITPOINT WARNING * * *
You feel sick. Vev's ghost barely misses you.
You climb downwards.
* * * LOW HITPOINT WARNING * * *
You feel sick.
Found an escape hatch in the ceiling.
There is a stone staircase leading up here.
There is a lethal amount of poison in your body!
Drink which item? (? for menu, Esc to quit)
It was a potion of might.
You feel very mighty all of a sudden.
* * * LOW HITPOINT WARNING * * *
You feel sick.
Drink which item? (? for menu, Esc to quit)
It was a potion of brilliance.
You feel clever all of a sudden.
Drink which item? (? for menu, Esc to quit)
It was a potion of cure mutation.
It has a very clean taste.
You die...

### .. ###
###
#.####..<#
#....#......#
.......@.#
#.....####
##... #.. ##


There were no monsters in sight!

Vanquished Creatures
  An adder (D:2)
  5 worms (D:2)
  5 bats
  5 goblins
  5 hobgoblins
  7 jackals (D:1)
  A quokka (D:2)
  2 ball pythons (D:2)
  5 giant newts
  7 kobolds
  4 rats
47 creatures vanquished.

Notes
Turn   | Place    | Note
--------------------------------------------------------------
     0 | D:1      | RedPan the Draconian Conjurer began the quest for the Orb.
     0 | D:1      | Reached XP level 1. HP: 14/14 MP: 3/3
   360 | D:1      | Reached XP level 2. HP: 18/20 MP: 1/5
  1310 | D:2      | Found a faded altar to an unknown god.
  1314 | D:2      | Reached XP level 3. HP: 26/26 MP: 0/6
  1731 | D:2      | HP: 1/27 [worm (9)]
  2206 | D:2      | Found a glowing golden altar of the Shining One.
  2492 | D:3      | Reached XP level 4. HP: 34/34 MP: 7/7
  2543 | D:3      | Noticed vev's ghost (amateur TeFE)
  2554 | D:4      | HP: 1/34 [poisoned by vev's ghost]
  2556 | D:4      | Succumbed to vev's ghost's poison

Vault maps used:
D:1:      ncdulo_lavacross
D:2:      lemuel_doored_altar, ecumenical_altar_2, minmay_fountain_box
D:3:      grunt_temple_overflow_opulence, lemuel_round_altar
D:4:      old_standard_altar, grunt_temple_overflow_diamond,
          serial_co_window_serial, co_window_of_opportunity_a,
          co_window_paths_b, co_window_of_opportunity_a, co_window_corner_a,
          co_window_corner_a, co_window_paths_b, co_window_paths_a,
          co_window_of_opportunity_c, co_window_corner_b, co_window_broadway_a,
          co_window_cross_2, co_window_unsneaky_path_a, glass_columns_c,
          glass_columns_c, glass_columns_a, glass_columns_a, glass_columns_a,
          uniq_eustachio

Action                   |  1- 3 |  4- 6 || total
-------------------------+-------+-------++-------
Melee: Short sword       |    36 |       ||    36
       Unarmed           |     1 |       ||     1
       Dagger            |    31 |     7 ||    38
 Cast: Magic Dart        |    73 |     2 ||    75
  Use: Potion            |       |     3 ||     3
 Stab: Sleeping          |     1 |       ||     1
  Eat: Chunk             |     6 |       ||     6
